[Event "42nd Olympiad Baku 2016 Open"]
[Site "Baku"]
[Date "2016.09.06"]
[Round "5.32"]
[White "Ameir, Moheb"]
[Black "Grischuk, Alexander"]
[Result "1/2-1/2"]
[ECO "B18"]
[WhiteElo "2431"]
[BlackElo "2754"]
[Annotator ""]
[PlyCount "96"]
[EventDate "2016.??.??"]
[EventType "team-tourn"]
[EventCountry "AZE"]
[SourceTitle "playchess.com"]
[Source "ChessBase"]
[WhiteTeam "Egypt"]
[BlackTeam "Russia"]
[WhiteTeamCountry "EGY"]
[BlackTeamCountry "RUS"]
[TimeControl "40/5400+30:1800+30"]

1. e4 {(00:00)} c6 {(00:00)} 2. d4 {(00:00)} d5 {(
00:00)} 3. Nc3 {(00:11)} dxe4 {(00:00)} 4. Nxe4 {(00:07)}
Bf5 {(00:19)} 5. Ng3 {(00:20)} Bg6 {(00:06)} 6. h4 {
(00:54)} h6 {(00:08)} 7. Nf3 {(00:22)} e6 {(01:15)}
8. h5 {(03:52)} Bh7 {(01:00)} 9. Bd3 {(00:13)} Bxd3 {
(00:07)} 10. Qxd3 {(00:02)} Nf6 {(00:28)} 11. Bd2 {
(00:37)} Nbd7 {(08:59)} 12. O-O-O {(01:12)} Be7 {(
00:04)} 13. Ne4 {(02:40)} Nxe4 {(01:23)} 14. Qxe4 {(00:02]
} Nf6 {(00:12)} 15. Qe2 {(03:57)} Qd5 {(03:14)} 16. c4 {
(03:40)} Qe4 {(02:16)} 17. Qxe4 {(09:44)} Nxe4 {(
00:24)} 18. Be3 {(00:10)} f5 {(10:10)} 19. Nd2 {(07:23)}
Nf6 {(05:46)} 20. Rde1 {(07:56)} Kf7 {(29:42)} 21. Nf3 {
(16:47)} Ng4 {(06:43)} 22. Ne5+ {(05:29)} Nxe5 {(
00:08)} 23. dxe5 {(00:02)} b5 {(01:25)} 24. Re2 {(01:56)}
Rhd8 {(11:10)} 25. Rc2 {(06:01)} Ke8 {(07:01)} 26. Rg1 {
(03:01)} a6 {(06:34)} 27. g4 {(04:40)} fxg4 {(00:
04)} 28. Rxg4 {(00:41)} Kf7 {(00:04)} 29. Bb6 {(05:19)}
Rd7 {(03:24)} 30. cxb5 {(02:04)} axb5 {(00:02)} 31. Rxc6 {
(02:18)} Rxa2 {(00:09)} 32. Rf4+ {(04:39)} Kg8 {(
00:02)} 33. Rxe6 {(02:12)} Ra6 {(01:48)} 34. Rg4 {(00:24)}
b4 {(01:49)} 35. b3 {(05:37)} Ra1+ {(00:28)} 36. Kb2 {
(00:33)} Re1 {(00:52)} 37. Rd4 {(01:10)} Kf7 {(00:
42)} 38. Rc6 {(01:01)} Rxd4 {(00:28)} 39. Bxd4 {(00:01)}
Re2+ {(00:08)} 40. Kb1 {(00:00)} Bg5 {(00:00)} 41. Rg6 {
(05:52)} Rd2 {(05:10)} 42. e6+ {(07:23)} Ke8 {(01:
03)} 43. Bxg7 {(05:20)} Rd1+ {(01:16)} 44. Kc2 {(01:01)}
Rd2+ {(00:27)} 45. Kc1 {(02:49)} Rd5+ {(00:23)} 46. Kc2 {
(01:33)} Rd2+ {(00:12)} 47. Kc1 {(00:09)} Rd5+ {(
00:06)} 48. Kc2 {(02:29)} Rd7 1/2-1/2

[Event "42nd Olympiad Baku 2016 Open"]
[Site "Baku"]
[Date "2016.09.06"]
[Round "5.6"]
[White "Amer Said Salim Al Maashani"]
[Black "Ip, Seng Tou"]
[Result "0-1"]
[ECO "C77"]
[WhiteElo "2044"]
[BlackElo "1675"]
[Annotator ""]
[PlyCount "90"]
[EventDate "2016.??.??"]
[EventType "team-tourn"]
[EventCountry "AZE"]
[SourceTitle "playchess.com"]
[Source "ChessBase"]
[WhiteTeam "OMA"]
[BlackTeam "Macau"]
[BlackTeamCountry "MAC"]
[TimeControl "40/5400+30:1800+30"]

1. e4 {(00:00)} e5 {(00:00)} 2. Nf3 {(00:00)} Nc6 {
(00:00)} 3. Bb5 {(00:00)} a6 {(00:17)} 4. Ba4 {(00:
00)} Nf6 {(00:15)} 5. d4 {(00:35)} exd4 {(01:07)} 6. O-O {
(02:30)} Be7 {(02:22)} 7. Re1 {(00:39)} O-O {(03:
03)} 8. e5 {(00:28)} Nd5 {(02:56)} 9. Nxd4 {(00:22)} Nxd4
{(03:37)} 10. Qxd4 {(00:35)} Nb6 {(00:46)} 11. Bb3 {
(01:01)} d6 {(03:39)} 12. exd6 {(08:36)} Bxd6 {(01:
51)} 13. Bf4 {(00:48)} Bxf4 {(16:21)} 14. Qxf4 {(00:05)}
Bd7 {(36:52)} 15. Nc3 {(04:12)} Rc8 {(02:51)} 16. Rad1 {
(06:16)} c5 {(07:51)} 17. Bd5 {(05:47)} Nxd5 {(03:
56)} 18. Nxd5 {(00:20)} Be6 {(00:48)} 19. c4 {(03:40)} Re8
{(02:08)} 20. Qg3 {(15:31)} Bxd5 {(01:01)} 21. Rxe8+ {
(03:49)} Qxe8 {(00:04)} 22. cxd5 {(00:10)} Qa4 {(
02:30)} 23. b3 {(05:46)} Qxa2 {(01:23)} 24. d6 {(00:44)}
Qe2 {(00:47)} 25. Qd3 {(13:03)} Qxd3 {(00:24)} 26. Rxd3 {
(00:01)} Kf8 {(00:33)} 27. f4 {(00:29)} Rd8 {(01:
03)} 28. Kf2 {(04:30)} Ke8 {(00:13)} 29. Re3+ {(01:38)}
Kf8 {(01:00)} 30. Re7 {(04:14)} b6 {(01:03)} 31. Ra7 {
(06:50)} Rxd6 {(00:02)} 32. Rxa6 {(00:59)} Ke7 {(
00:30)} 33. Ke3 {(00:48)} Kf6 {(01:18)} 34. g4 {(01:16)}
h6 {(00:55)} 35. h4 {(01:18)} Kg6 {(00:47)} 36. Ra4 {
(03:21)} h5 {(00:50)} 37. f5+ {(04:02)} Kf6 {(00:
22)} 38. gxh5 {(00:29)} Rd4 {(02:20)} 39. Rxd4 {(03:26)}
cxd4+ {(00:04)} 40. Kxd4 {(00:00)} Kxf5 {(00:00)} 41. Kd5
{(26:52)} Kg4 {(01:05)} 42. h6 {(00:31)} gxh6 {(00:
14)} 43. Ke4 {(03:53)} f5+ {(01:05)} 44. Ke3 {(00:01)} f4+
{(00:41)} 45. Kf2 {(00:02)} Kxh4 {(00:13)} 0-1

[Event "42nd Olympiad Baku 2016 Open"]
[Site "Baku"]
[Date "2016.09.06"]
[Round "5.21"]
[White "Amewounou, Komlan Kouessan"]
[Black "Kibrom Weldegebriel Beraki"]
[Result "0-1"]
[ECO "A45"]
[WhiteElo "1798"]
[BlackElo "1760"]
[Annotator ""]
[PlyCount "116"]
[EventDate "2016.??.??"]
[EventType "team-tourn"]
[EventCountry "AZE"]
[SourceTitle "playchess.com"]
[Source "ChessBase"]
[WhiteTeam "Togo"]
[BlackTeam "Eritrea"]
[WhiteTeamCountry "TOG"]
[BlackTeamCountry "ERI"]
[TimeControl "40/5400+30:1800+30"]

1. d4 {(00:00)} Nf6 {(00:00)} 2. Bf4 {(00:14)} d5 {
(01:27)} 3. h3 {(00:13)} c5 {(01:11)} 4. e3 {(01:
09)} Nc6 {(00:40)} 5. Nf3 {(00:36)} Bf5 {(01:59)} 6. Bd3 {
(01:46)} Bxd3 {(00:46)} 7. Qxd3 {(00:10)} Qb6 {(01:
50)} 8. b3 {(07:20)} e6 {(01:15)} 9. O-O {(01:00)} Ne4 {
(01:30)} 10. dxc5 {(05:31)} Bxc5 {(01:00)} 11. c3 {
(00:34)} O-O {(01:07)} 12. Nbd2 {(03:48)} Nf6 {(06:
35)} 13. Rac1 {(08:54)} Rfe8 {(01:46)} 14. Nd4 {(00:36)}
Rad8 {(03:59)} 15. N2f3 {(04:11)} Ba3 {(05:47)} 16. Rc2 {
(00:14)} Bf8 {(01:36)} 17. Nxc6 {(02:17)} bxc6 {(
00:35)} 18. Be5 {(09:42)} Ne4 {(02:47)} 19. Nd4 {(03:21)}
f6 {(01:55)} 20. Bh2 {(00:22)} c5 {(00:54)} 21. Ne2 {
(09:08)} Qc6 {(02:43)} 22. f3 {(02:44)} Ng5 {(01:
33)} 23. Kh1 {(03:58)} e5 {(00:31)} 24. Qd1 {(01:54)} Qe6
{(01:35)} 25. Rd2 {(03:23)} Nf7 {(02:12)} 26. f4 {(
02:11)} g6 {(02:11)} 27. Ng1 {(03:17)} Bg7 {(02:20)} 28.
Qf3 {(04:53)} f5 {(00:45)} 29. Qd1 {(01:34)} exf4 {
(00:21)} 30. exf4 {(02:39)} Bxc3 {(00:22)} 31. Re2 {
(00:15)} Qd7 {(01:00)} 32. Rf3 {(04:42)} d4 {(01:
34)} 33. Rxe8+ {(06:03)} Qxe8 {(00:26)} 34. Rd3 {(00:36)}
Nd6 {(00:40)} 35. Bg3 {(03:32)} Ne4 {(00:09)} 36. Kh2 {
(00:21)} Ba5 {(00:41)} 37. Ne2 {(00:40)} Bb6 {(00:
34)} 38. Qc2 {(01:33)} Qe6 {(00:28)} 39. a4 {(01:22)} Re8
{(00:18)} 40. Rd1 {(00:00)} Nf6 {(00:00)} 41. Re1 {
(02:35)} Qd6 {(00:55)} 42. Rd1 {(10:26)} Nd5 {(06:
48)} 43. Qc4 {(01:28)} Kg7 {(00:47)} 44. Ra1 {(05:45)} Ne3
{(01:49)} 45. Qd3 {(02:47)} Nd5 {(00:39)} 46. Qa6 {
(01:31)} Re3 {(00:32)} 47. a5 {(01:09)} Bc7 {(00:
20)} 48. Qxd6 {(01:36)} Bxd6 {(00:05)} 49. Ng1 {(01:38)}
Rxb3 {(00:27)} 50. Ra2 {(02:26)} g5 {(00:18)} 51. Nf3 {
(00:41)} Bxf4 {(00:59)} 52. Bxf4 {(00:27)} gxf4 {(
00:15)} 53. a6 {(00:55)} Ne3 {(01:07)} 54. Nd2 {(02:02)}
Rd3 {(00:11)} 55. Rb2 {(00:24)} Rxd2 {(00:16)} 56. Rxd2 {
(00:15)} Nf1+ {(00:19)} 57. Kg1 {(00:17)} Nxd2 {(
00:03)} 58. Kf2 {(00:15)} d3 {(00:05)} 0-1

[Event "42nd Olympiad Baku 2016 Open"]
[Site "Baku"]
[Date "2016.09.06"]
[Round "5.17"]
[White "Andersen, Mads"]
[Black "Dvirnyy, Danyyil"]
[Result "1/2-1/2"]
[ECO "D45"]
[WhiteElo "2535"]
[BlackElo "2543"]
[Annotator ""]
[PlyCount "61"]
[EventDate "2016.??.??"]
[EventType "team-tourn"]
[EventCountry "AZE"]
[SourceTitle "playchess.com"]
[Source "ChessBase"]
[WhiteTeam "Denmark"]
[BlackTeam "Italy"]
[WhiteTeamCountry "DEN"]
[BlackTeamCountry "ITA"]
[TimeControl "40/5400+30:1800+30"]

1. d4 {(00:00)} d5 {(00:00)} 2. c4 {(00:00)} c6 {(
00:00)} 3. Nf3 {(00:00)} Nf6 {(00:05)} 4. Nc3 {(00:00)} e6
{(01:05)} 5. e3 {(00:13)} Nbd7 {(00:14)} 6. Qc2 {(
00:15)} Bd6 {(01:31)} 7. Bd3 {(02:06)} O-O {(00:31)} 8.
O-O {(00:08)} dxc4 {(02:03)} 9. Bxc4 {(00:16)} a6 {
(00:22)} 10. Rd1 {(05:23)} Qc7 {(02:26)} 11. e4 {(
11:11)} e5 {(01:40)} 12. h3 {(12:54)} b5 {(18:30)} 13. Be2
{(03:27)} Re8 {(01:21)} 14. dxe5 {(08:51)} Nxe5 {(
00:13)} 15. Bg5 {(02:22)} Nxf3+ {(04:02)} 16. Bxf3 {(01:
25)} Be6 {(00:16)} 17. Ne2 {(03:17)} Rad8 {(10:59)} 18.
Nd4 {(05:21)} c5 {(03:41)} 19. Nxe6 {(01:33)} Rxe6 {
(03:13)} 20. Rac1 {(12:47)} Rde8 {(02:58)} 21. Re1 {
(00:29)} h6 {(09:42)} 22. Bd2 {(00:28)} Bh2+ {(06:
11)} 23. Kh1 {(06:12)} Bf4 {(00:08)} 24. Bxf4 {(02:28)}
Qxf4 {(00:08)} 25. Qxc5 {(00:24)} Nxe4 {(00:09)} 26. Bxe4
{(01:14)} Rxe4 {(00:08)} 27. Rxe4 {(00:21)} Qxe4 {(
00:08)} 28. Qc6 {(02:28)} Qxc6 {(00:30)} 29. Rxc6 {(00:08]
} Re2 {(00:04)} 30. Rxa6 {(00:33)} Rxb2 {(00:06)} 31. Kg1
{(00:44)} 1/2-1/2

[Event "42nd Olympiad Baku 2016 Open"]
[Site "Baku"]
[Date "2016.09.06"]
[Round "5.31"]
[White "Andreasen, Joan Hendrik"]
[Black "Bengherabi, Khalil"]
[Result "0-1"]
[ECO "D35"]
[WhiteElo "2239"]
[BlackElo "2241"]
[Annotator ""]
[PlyCount "60"]
[EventDate "2016.??.??"]
[EventType "team-tourn"]
[EventCountry "AZE"]
[SourceTitle "playchess.com"]
[Source "ChessBase"]
[WhiteTeam "Faroe Islands"]
[BlackTeam "Algeria"]
[WhiteTeamCountry "FAI"]
[BlackTeamCountry "ALG"]
[TimeControl "40/5400+30:1800+30"]

1. d4 {(00:12)} Nf6 {(00:00)} 2. c4 {(00:06)} e6 {(
00:00)} 3. Nc3 {(00:05)} d5 {(00:00)} 4. cxd5 {(01:20)}
exd5 {(00:00)} 5. Bg5 {(00:04)} Be7 {(00:10)} 6. e3 {
(00:07)} c6 {(00:05)} 7. Bd3 {(00:11)} O-O {(00:12]
} 8. Qc2 {(00:28)} Nbd7 {(00:06)} 9. Nge2 {(00:14)} Re8 {
(00:06)} 10. O-O {(00:19)} Nf8 {(00:04)} 11. f3 {(
01:31)} Be6 {(00:41)} 12. Rad1 {(00:36)} Rc8 {(00:49)} 13.
Kh1 {(01:05)} Ng6 {(04:01)} 14. a3 {(01:38)} Qc7 {(
05:55)} 15. Nf4 {(12:10)} Bd7 {(12:20)} 16. Nxg6 {(03:58)}
hxg6 {(00:37)} 17. e4 {(01:07)} Nxe4 {(15:23)} 18. fxe4 {
(19:01)} Bxg5 {(00:09)} 19. exd5 {(02:21)} cxd5 {(
00:17)} 20. Bxg6 {(06:34)} fxg6 {(12:32)} 21. Qxg6 {(00:
46)} Qd8 {(07:08)} 22. Rf7 {(20:20)} Bh6 {(00:13)} 23.
Rdf1 {(05:52)} Rc6 {(01:15)} 24. Qh5 {(02:27)} Be6 {
(06:42)} 25. Rxb7 {(01:11)} Rf8 {(00:20)} 26. Re1 {
(02:21)} Qf6 {(01:17)} 27. Qe2 {(03:55)} Bg4 {(03:
30)} 28. Qb5 {(02:11)} Re6 {(03:19)} 29. Rg1 {(01:21)} Qf2
{(02:12)} 30. h3 {(03:54)} Re1 {(00:29)} 0-1

[Event "42nd Olympiad Baku 2016 Open"]
[Site "Baku"]
[Date "2016.09.06"]
[Round "5.21"]
[White "Anwuli Daniel"]
[Black "Aloma Vidal, Robert"]
[Result "0-1"]
[ECO "A20"]
[WhiteElo "2336"]
[BlackElo "2482"]
[Annotator ""]
[PlyCount "82"]
[EventDate "2016.??.??"]
[EventType "team-tourn"]
[EventCountry "AZE"]
[SourceTitle "playchess.com"]
[Source "ChessBase"]
[WhiteTeam "Nigeria"]
[BlackTeam "Andorra"]
[WhiteTeamCountry "NGR"]
[BlackTeamCountry "AND"]
[TimeControl "40/5400+30:1800+30"]

1. c4 {(00:00)} e5 {(00:00)} 2. g3 {(00:00)} c6 {(
04:16)} 3. d4 {(02:27)} Bb4+ {(00:28)} 4. Bd2 {(02:26)}
Bxd2+ {(00:18)} 5. Qxd2 {(00:06)} d6 {(05:23)} 6. Nc3 {
(01:00)} Nf6 {(00:20)} 7. Bg2 {(00:54)} O-O {(00:
15)} 8. e4 {(07:05)} exd4 {(08:34)} 9. Qxd4 {(00:13)} Nbd7
{(00:15)} 10. Qxd6 {(12:35)} Qb6 {(01:29)} 11. Nge2 {
(08:09)} Nc5 {(03:22)} 12. O-O-O {(06:05)} Be6 {(
04:05)} 13. Qf4 {(03:25)} Bxc4 {(12:59)} 14. e5 {(03:50)}
Bxe2 {(01:03)} 15. Nxe2 {(00:55)} Nd5 {(11:54)} 16. Bxd5 {
(00:18)} cxd5 {(00:04)} 17. Qd4 {(05:50)} Rac8 {(
16:28)} 18. Kb1 {(00:33)} Qg6+ {(09:20)} 19. Ka1 {(01:08)}
Rfd8 {(00:53)} 20. Nf4 {(24:29)} Qa6 {(03:58)} 21. Kb1 {
(00:11)} Ne6 {(00:25)} 22. Nxe6 {(02:44)} fxe6 {(
01:05)} 23. Rd2 {(03:42)} Rc4 {(00:20)} 24. Qd3 {(00:03)}
Rdc8 {(00:40)} 25. f4 {(02:23)} Qc6 {(01:49)} 26. a3 {
(00:21)} Rc1+ {(06:20)} 27. Rxc1 {(00:15)} Qxc1+ {(
00:02)} 28. Ka2 {(00:09)} Kf7 {(00:55)} 29. Rf2 {(07:05)}
Qc4+ {(00:31)} 30. Qxc4 {(00:10)} Rxc4 {(00:45)} 31. b3 {
(01:22)} Rc8 {(04:15)} 32. Kb2 {(00:16)} h5 {(00:
44)} 33. Rc2 {(01:01)} Rxc2+ {(00:44)} 34. Kxc2 {(00:02)}
Kg6 {(00:15)} 35. Kd3 {(00:11)} Kf5 {(00:10)} 36. Ke3 {
(00:10)} g5 {(02:12)} 37. fxg5 {(02:12)} Kxg5 {(00:
11)} 38. h3 {(00:26)} Kf5 {(00:44)} 39. Kd4 {(00:01)} b5 {
(00:54)} 40. Kc5 {(00:00)} Kxe5 {(00:00)} 41. Kxb5 {
(03:10)} d4 {(02:49)} 0-1

[Event "42nd Olympiad Baku 2016 Open"]
[Site "Baku"]
[Date "2016.09.06"]
[Round "5.21"]
[White "Arenas, David"]
[Black "Topalov, Veselin"]
[Result "0-1"]
[ECO "B40"]
[WhiteElo "2490"]
[BlackElo "2768"]
[Annotator ""]
[PlyCount "50"]
[EventDate "2016.??.??"]
[EventType "team-tourn"]
[EventCountry "AZE"]
[SourceTitle "playchess.com"]
[Source "ChessBase"]
[WhiteTeam "Colombia"]
[BlackTeam "Bulgaria"]
[WhiteTeamCountry "COL"]
[BlackTeamCountry "BUL"]
[TimeControl "40/5400+30:1800+30"]

1. e4 {(00:00)} c5 {(00:00)} 2. Nf3 {(00:00)} e6 {(
00:00)} 3. c3 {(01:28)} Nf6 {(00:00)} 4. e5 {(00:08)} Nd5
{(00:00)} 5. d4 {(00:06)} cxd4 {(00:04)} 6. cxd4 {(
00:10)} d6 {(00:11)} 7. a3 {(00:11)} Bd7 {(00:14)} 8. Bd3
{(01:22)} Bc6 {(00:16)} 9. O-O {(04:04)} Nd7 {(00:
12)} 10. Re1 {(04:59)} Rc8 {(03:06)} 11. b4 {(13:22)} a6 {
(00:21)} 12. Ng5 {(10:09)} dxe5 {(04:53)} 13. Nxe6 {
(10:03)} fxe6 {(01:49)} 14. Qh5+ {(00:18)} Ke7 {(
10:36)} 15. dxe5 {(09:11)} h6 {(00:44)} 16. Nc3 {(16:22)}
Nxc3 {(04:32)} 17. Bg5+ {(00:15)} hxg5 {(00:49)} 18. Qxg5+
{(00:07)} Nf6 {(03:07)} 19. exf6+ {(00:05)} gxf6 {(
00:10)} 20. Rxe6+ {(06:22)} Kxe6 {(00:06)} 21. Qg4+ {(00:
25)} Ke7 {(10:46)} 22. Re1+ {(00:24)} Ne4 {(00:19)} 23.
Bxe4 {(00:06)} Qd2 {(01:23)} 24. Kf1 {(00:03)} Kd8 {
(03:34)} 25. Rd1 {(06:02)} Bb5+ 0-1

[Event "42nd Olympiad Baku 2016 Open"]
[Site "Baku"]
[Date "2016.09.06"]
[Round "5.12"]
[White "Ashiku, Franc"]
[Black "Illingworth, Max"]
[Result "1/2-1/2"]
[ECO "A37"]
[WhiteElo "2322"]
[BlackElo "2458"]
[Annotator ""]
[PlyCount "43"]
[EventDate "2016.??.??"]
[EventType "team-tourn"]
[EventCountry "AZE"]
[SourceTitle "playchess.com"]
[Source "ChessBase"]
[WhiteTeam "Albania"]
[BlackTeam "Australia"]
[WhiteTeamCountry "ALB"]
[BlackTeamCountry "AUS"]
[TimeControl "40/5400+30:1800+30"]

1. Nf3 {(00:00)} c5 {(00:00)} 2. c4 {(00:08)} Nc6 {
(00:20)} 3. g3 {(01:50)} g6 {(00:06)} 4. Nc3 {(00:
12)} Bg7 {(00:04)} 5. Bg2 {(00:03)} e6 {(00:18)} 6. O-O {
(00:32)} Nge7 {(00:04)} 7. e3 {(00:27)} Nf5 {(01:
06)} 8. Ne4 {(04:02)} d6 {(04:05)} 9. d4 {(13:16)} cxd4 {
(00:17)} 10. g4 {(00:30)} Nfe7 {(01:47)} 11. Nxd4 {
(04:28)} Nxd4 {(01:24)} 12. exd4 {(02:02)} O-O {(
00:09)} 13. c5 {(01:00)} d5 {(03:27)} 14. Nd6 {(02:20)} b6
{(01:31)} 15. Rb1 {(10:21)} bxc5 {(02:11)} 16. dxc5 {
(02:07)} Qa5 {(00:22)} 17. b4 {(00:51)} Qxa2 {(02:
10)} 18. Bg5 {(00:46)} f6 {(05:27)} 19. Ra1 {(00:27)} Qb2
{(00:22)} 20. Rb1 {(00:09)} Qa2 {(10:35)} 21. Ra1 {
(00:38)} Qb2 {(00:08)} 22. Rb1 {(00:05)} 1/2-1/2

[Event "42nd Olympiad Baku 2016 Open"]
[Site "Baku"]
[Date "2016.09.06"]
[Round "5.26"]
[White "Atabayev, Saparmyrat"]
[Black "Abasov, Nijat"]
[Result "0-1"]
[ECO "B33"]
[WhiteElo "2406"]
[BlackElo "2552"]
[Annotator ""]
[PlyCount "114"]
[EventDate "2016.??.??"]
[EventType "team-tourn"]
[EventCountry "AZE"]
[SourceTitle "playchess.com"]
[Source "ChessBase"]
[WhiteTeam "Turkmenistan"]
[BlackTeam "Azerbaijan"]
[WhiteTeamCountry "TKM"]
[BlackTeamCountry "AZE"]
[TimeControl "40/5400+30:1800+30"]

1. e4 {(00:00)} c5 {(00:00)} 2. Nf3 {(00:00)} Nc6 {
(00:00)} 3. d4 {(00:00)} cxd4 {(00:00)} 4. Nxd4 {(
00:00)} Nf6 {(00:01)} 5. Nc3 {(00:04)} e5 {(00:07)} 6.
Ndb5 {(00:08)} d6 {(00:05)} 7. Bg5 {(00:09)} a6 {(
00:05)} 8. Na3 {(00:10)} b5 {(00:03)} 9. Nd5 {(00:13)} Be7
{(00:18)} 10. Bxf6 {(00:19)} Bxf6 {(00:06)} 11. c3 {
(00:49)} Rb8 {(00:53)} 12. Nc2 {(04:48)} Bg5 {(00:
14)} 13. Be2 {(01:45)} O-O {(01:38)} 14. O-O {(00:22)} Be6
{(02:13)} 15. Qd3 {(21:04)} a5 {(09:29)} 16. Na3 {(
04:53)} Na7 {(09:49)} 17. Rad1 {(07:07)} Kh8 {(01:38)} 18.
Kh1 {(02:47)} Qd7 {(03:39)} 19. Bf3 {(07:47)} Rfc8 {
(04:22)} 20. Nc2 {(07:50)} b4 {(09:18)} 21. c4 {(
01:28)} Nc6 {(01:15)} 22. b3 {(00:52)} Rb7 {(05:21)} 23.
Qe2 {(01:34)} Nb8 {(05:50)} 24. a3 {(07:48)} bxa3 {
(01:36)} 25. Nxa3 {(00:20)} Rxb3 {(04:14)} 26. Nb5 {
(00:15)} Bd8 {(00:34)} 27. Qa2 {(03:07)} Rxb5 {(14:
02)} 28. cxb5 {(00:04)} Qxb5 {(00:02)} 29. Rb1 {(01:35)}
Qd7 {(01:08)} 30. Rfd1 {(02:42)} Na6 {(00:59)} 31. Qa3 {
(04:16)} Bxd5 {(00:08)} 32. Rxd5 {(00:13)} Nb4 {(
00:07)} 33. Rd2 {(00:40)} Bb6 {(01:23)} 34. h3 {(01:49)}
Rc6 {(02:55)} 35. Bd1 {(01:08)} Qc7 {(00:43)} 36. Qa4 {
(02:10)} g6 {(02:02)} 37. Bb3 {(02:14)} Kg7 {(00:
33)} 38. Rf1 {(04:07)} Rc3 {(03:33)} 39. Rfd1 {(03:00)}
Bd4 {(03:26)} 40. f4 {(00:00)} Re3 {(00:00)} 41. fxe5 {
(05:59)} Bxe5 {(05:20)} 42. Rf2 {(01:26)} f6 {(08:
34)} 43. Be6 {(02:20)} Rxe4 {(05:40)} 44. Qe8 {(00:57)} d5
{(12:11)} 45. Qg8+ {(03:53)} Kh6 {(00:05)} 46. Qf8+ {
(04:13)} Qg7 {(00:18)} 47. Qa8 {(00:53)} Bc7 {(02:
48)} 48. Bxd5 {(00:32)} Re5 {(00:56)} 49. Bc4 {(05:52)}
Qe7 {(00:40)} 50. Rdf1 {(02:03)} f5 {(01:35)} 51. g4 {
(02:30)} Re3 {(01:19)} 52. Rf3 {(00:23)} Qd6 {(00:
26)} 53. Rf4 {(01:33)} Re4 {(01:14)} 54. h4 {(01:34)} Rxc4
{(01:35)} 55. Qg8 {(00:47)} Rxf4 {(01:30)} 56. Rxf4 {
(00:03)} fxg4 {(01:25)} 57. Rf2 {(00:03)} Qc6+ {(
00:42)} 0-1

[Event "42nd Olympiad Baku 2016 Open"]
[Site "Baku"]
[Date "2016.09.06"]
[Round "5.15"]
[White "Averbukh, Alex"]
[Black "Kabilov, Amin"]
[Result "1/2-1/2"]
[ECO "A01"]
[WhiteElo "2223"]
[BlackElo "2150"]
[Annotator ""]
[PlyCount "119"]
[EventDate "2016.??.??"]
[EventType "team-tourn"]
[EventCountry "AZE"]
[SourceTitle "playchess.com"]
[Source "ChessBase"]
[WhiteTeam "Japan"]
[BlackTeam "Tajikistan"]
[WhiteTeamCountry "JPN"]
[BlackTeamCountry "TJK"]
[TimeControl "40/5400+30:1800+30"]

1. b3 {(00:00)} e5 {(00:25)} 2. Bb2 {(00:00)} Nc6 {
(00:18)} 3. e3 {(00:00)} d5 {(09:02)} 4. Bb5 {(00:
15)} f6 {(01:17)} 5. f4 {(03:03)} exf4 {(10:04)} 6. Nh3 {
(01:41)} Bd6 {(02:57)} 7. Nxf4 {(10:50)} Bxf4 {(00:
47)} 8. exf4 {(00:53)} Qe7+ {(00:19)} 9. Qe2 {(03:04)}
Qxe2+ {(01:51)} 10. Bxe2 {(00:57)} Bf5 {(05:45)} 11. Bh5+
{(14:21)} Kd7 {(07:38)} 12. d3 {(01:34)} Nh6 {(05:
49)} 13. h3 {(01:24)} Bg6 {(02:57)} 14. Bf3 {(00:42)} Nf5
{(07:20)} 15. Kd2 {(05:59)} Nce7 {(06:38)} 16. g4 {
(07:20)} Nh4 {(03:38)} 17. Be2 {(00:50)} h5 {(01:
12)} 18. Nc3 {(02:03)} hxg4 {(01:32)} 19. hxg4 {(00:11)}
Bf7 {(00:39)} 20. Raf1 {(06:42)} Nhg6 {(06:03)} 21. f5 {
(04:02)} Ne5 {(00:27)} 22. Nd1 {(01:20)} c5 {(02:
23)} 23. d4 {(01:19)} cxd4 {(00:15)} 24. Bxd4 {(00:03)}
N7c6 {(00:17)} 25. Bb2 {(01:48)} d4 {(00:34)} 26. c4 {
(00:39)} a5 {(03:23)} 27. Nf2 {(02:53)} a4 {(01:52]
} 28. Rxh8 {(00:31)} Rxh8 {(00:06)} 29. Rh1 {(00:17)} Ra8
{(06:53)} 30. Rh7 {(02:38)} a3 {(00:07)} 31. Ba1 {(
01:12)} Ke7 {(01:16)} 32. g5 {(10:42)} fxg5 {(02:11)} 33.
Ne4 {(00:13)} g4 {(03:26)} 34. b4 {(02:39)} Nxb4 {(
01:04)} 35. Rxg7 {(01:31)} Nbc6 {(02:46)} 36. f6+ {(01:02]
} Ke6 {(00:50)} 37. Bxg4+ {(01:24)} Nxg4 {(00:40)} 38.
Rxg4 {(00:04)} Rh8 {(01:56)} 39. Rg2 {(05:18)} Ne5 {
(01:09)} 40. Bxd4 {(00:00)} Nxc4+ {(00:00)} 41. Kc3 {
(04:08)} Kd5 {(15:40)} 42. Nf2 {(04:30)} Rc8 {(01:
54)} 43. Kd3 {(03:30)} Nb2+ {(00:49)} 44. Bxb2 {(01:53)}
axb2 {(01:37)} 45. Rg5+ {(00:11)} Kd6 {(00:34)} 46. Ne4+ {
(00:44)} Kd7 {(01:38)} 47. Nd2 {(00:27)} Rc1 {(00:
52)} 48. Rb5 {(01:36)} b1=Q+ {(01:13)} 49. Nxb1 {(00:23)}
Rxb1 {(00:24)} 50. Rxb1 {(01:43)} Bg6+ {(00:03)} 51. Kd4 {
(01:03)} Bxb1 {(00:04)} 52. f7 {(00:19)} Ke7 {(00:
21)} 53. a4 {(00:18)} Bc2 {(05:28)} 54. a5 {(01:09)} Bd1 {
(00:03)} 55. a6 {(01:21)} b6 {(02:20)} 56. a7 {(00:
33)} Bf3 {(00:02)} 57. Kc4 {(00:16)} Bc6 {(00:02)} 58.
a8=Q {(00:13)} Bxa8 {(00:33)} 59. f8=Q+ {(00:07)} Kxf8 {
(00:08)} 60. Kb5 {(00:04)} 1/2-1/2